 Dungeon Crawl Stone Soup version 0.20-a0-760-g49f5558 (webtiles) character file.

1831 rageheart7 the Frost Mage (level 8, -2/36 HPs)
             Began as a Deep Elf Ice Elementalist on Feb 19, 2017.
             Was a Follower of Vehumet.
             Slain by a kobold
             ... wielding a +0 dagger
              (3 damage)
             ... in a sewer on Feb 26, 2017.
             The game lasted 00:22:05 (6641 turns).

rageheart7 the Frost Mage (DEIE)                    Turns: 6641, Time: 00:22:06

Health: -2/36      AC:  4    Str:  9 (10) XL:     8   Next: 86%
Magic:  1/20       EV: 12    Int: 20 (23) God:    Vehumet [*.....]
Gold:   240        SH:  5    Dex: 12 (17) Spells: 9/21 levels left

rFire    x . .     SeeInvis .   i - +2 flail (protect)
rCold    + . .     Gourm    .   a - +0 robe
rNeg     . . .     Faith    .   (no shield)
rPois    .         Spirit   .   (no helmet)
rElec    .         Reflect  +   (no cloak)
rCorr    .         Harm     .   (no gloves)
MR       .....     Clarity  +   (no boots)
Stlth    ++........             f - +5 amulet of reflection
Regen    0.2/turn               (no ring)
MPRegen  0.2/turn               u - ring of ice

@: mighty, lethally poisoned (-2 -> -10), very slightly contaminated, hasted,
very quick
A: yellow scales 1, agile 1, clarity, frail 1
a: Renounce Religion


You were in a sewer.
You worshipped Vehumet.
Vehumet was aware of your devotion.
You were not hungry.

You visited 2 branches of the dungeon, and saw 7 of its levels.
You also visited: Sewer.

You collected 240 gold pieces.

Inventory:

Hand Weapons
 i - a +2 flail of protection (weapon)
Armour
 a - a +0 robe (worn)
Jewellery
 f - a +5 amulet of reflection (around neck)
 u - a ring of ice (left hand)
Scrolls
 o - a scroll of remove curse
Potions
 k - a potion of heal wounds {unknown}
 m - a potion of agility
 n - a potion of flight
 r - a potion of mutation
Books
 b - a book of Frost

   Spells                             Type                      Level
   a - Freeze                         Ice                          1
   b - Throw Frost                    Conjuration/Ice              2
   c - Ozocubu's Armour               Charms/Ice                   3
   d - Throw Icicle                   Conjuration/Ice              4
   e - Summon Ice Beast               Ice/Summoning                4
 v - a book of Geomancy

   Spells                             Type                      Level
   a - Sandblast                      Earth                        1
   b - Passwall                       Transmutation/Earth          2
   c - Stone Arrow                    Conjuration/Earth            3
   d - Petrify                        Transmutation/Earth          4
   e - Lee's Rapid Deconstruction     Earth                        5
Comestibles
 c - 3 bread rations
 j - 4 meat rations
 t - 3 fruits
 x - a royal jelly


   Skills:
 - Level 2.4 Dodging
 - Level 3.0 Stealth
 - Level 7.2 Spellcasting
 * Level 7.6 Conjurations
 + Level 8.7 Ice Magic
 + Level 0.7 Earth Magic


You had 9 spell levels left.
You knew the following spells:

 Your Spells              Type           Power        Failure   Level  Hunger
a - Freeze                Ice            ####         1%          1    None
b - Throw Frost           Conj/Ice       ######       1%          2    None
c - Throw Icicle          Conj/Ice       ######..     3%          4    ###....
d - Stone Arrow           Conj/Erth      ###...       6%          3    #......
e - Passwall              Tmut/Erth      #.........   14%         2    None


Dungeon Overview and Level Annotations

Branches:
Dungeon (6/15)             Temple (1/1) D:4

Altars:
Ashenzari
Cheibriados
Elyvilon
Fedhas
Gozag
Hepliaklqana
Nemelex Xobeh
Ru
Sif Muna
Trog
Vehumet
Xom
Zin
The Shining One


Innate Abilities, Weirdness & Mutations

You are partially covered in yellow scales. (AC +2)
You are agile. (Dex +2)
You possess an exceptional clarity of mind.
You are frail. (-10% HP)


Message History

* * * LOW HITPOINT WARNING * * *
You feel sick.
The ufetubus splashes around in the water.
The ufetubus completely misses you. The kobold hits you with a dagger.
* * * LOW HITPOINT WARNING * * *
It was a potion of haste.
You feel yourself speed up.
* * * LOW HITPOINT WARNING * * *
You feel sick. The ufetubus closely misses you. The ufetubus hits you.
* * * LOW HITPOINT WARNING * * *
The kobold hits you but does no damage.
The ufetubus hits you but does no damage.
The ufetubus barely misses you.
You are very lightly contaminated with residual magic.
You closely miss the ufetubus.
The ufetubus is heavily wounded.
The ufetubus hits you but does no damage.
The ufetubus hits you.
* * * LOW HITPOINT WARNING * * *
The kobold hits you with a dagger.
You die...

≈≈≈≈≈≈ ##?##
################.## #!/!#
≈≈≈≈≈≈≈≈≈≈≈≈≈.+..≈###...##
≈≈≈≈≈≈≈≈≈≈≈≈≈.#.≈≈##K5...#
≈≈≈≈≈≈≈≈≈≈≈≈≈.#.≈≈##.§≈≈.#
≈≈≈≈≈≈≈≈≈≈≈≈≈.#.≈≈# .....#
≈≈≈≈≈≈≈≈≈≈≈≈..#..≈# #'''#
≈≈≈≈≈≈≈≈≈≈≈...#)≈≈###..(##
#≈##≈##≈###.####@###..§..##
......†...≈.≈≈#5)K#)K...§.+
≈≈≈≈≈≈≈≈≈≈.≈≈≈≈≈.().§._...+
.......†..≈.≈≈#(..#.....§.+
##≈#≈≈###≈#.####.###..§..##
≈≈≈≈≈≈≈≈≈≈≈...#.≈≈###...##
≈≈≈≈≈≈≈≈≈≈≈...#.≈≈# #+++#
≈≈≈≈≈≈≈≈≈≈≈≈≈.#.≈≈#
≈≈≈≈≈≈≈≈≈≈≈≈≈.#.≈≈#


You could see an ufetubus and a kobold.

Vanquished Creatures
  Edmund (D:5)
  2 ice beasts
  A black bear (D:4)
  A sky beast (D:4)
  6 ogres
  A big kobold (Sewer)
  3 scorpions
  A quasit (Sewer)
  A hound (D:5)
  A centaur skeleton (D:5)
  2 orc priests
  4 orc wizards
  Ijyb (D:1)
  An iguana (D:4)
  2 big kobold zombies (Sewer)
  8 adders
  3 ufetubi (Sewer)
  An ooze (Sewer)
  5 worms
  A dart slug (D:1)
  7 leopard geckos
  10 orcs
  8 bats
  5 giant cockroaches
  6 goblins
  4 hobgoblins
  3 jackals (D:3)
  18 kobolds
  3 quokkas
  A ball python (D:3)
  7 frilled lizards
  3 kobold zombies (Sewer)
  7 rats
128 creatures vanquished.

Vanquished Creatures (others)
  A centaur (D:5)
1 creature vanquished.

Grand Total: 129 creatures vanquished

Notes
Turn   | Place    | Note
-------+----------+-------------------------------------------
     0 | D:1      | rageheart7 the Deep Elf Ice Elementalist began the quest for the Orb.
     0 | D:1      | Reached XP level 1. HP: 10/10 MP: 6/6
   288 | D:1      | Reached XP level 2. HP: 12/15 MP: 2/8
   560 | D:1      | Learned a level 2 spell: Throw Frost
   702 | D:2      | Noticed Ijyb
   716 | D:1      | Killed Ijyb
   716 | D:1      | Reached skill level 5 in Spellcasting
   716 | D:1      | Reached XP level 3. HP: 14/19 MP: 0/11
  1031 | D:2      | Reached XP level 4. HP: 10/24 MP: 1/13
  1724 | D:3      | Learned a level 4 spell: Throw Icicle
  2166 | D:3      | Found a shattered altar of Ashenzari.
  2169 | D:3      | Reached XP level 5. HP: 28/28 MP: 11/16
  2716 | D:4      | Noticed an ogre
  2727 | D:4      | Reached skill level 4 in Ice Magic
  2727 | D:4      | Reached XP level 6. HP: 23/32 MP: 14/18
  2734 | D:4      | Found a staircase to the Ecumenical Temple.
  2739 | Temple   | Entered the Ecumenical Temple
  2955 | Temple   | Became a worshipper of Vehumet
  3208 | D:4      | Found a deep blue altar of Sif Muna.
  3389 | D:4      | Reached skill level 5 in Ice Magic
  3403 | D:4      | Reached XP level 7. HP: 8/36 MP: 6/19
  3941 | D:4      | Reached skill level 5 in Conjurations
  3941 | D:4      | Reached skill level 6 in Ice Magic
  4600 | D:5      | Entered Level 5 of the Dungeon
  4629 | D:4      | Reached XP level 8. HP: 19/41 MP: 0/20
  4892 | D:5      | Reached skill level 7 in Ice Magic
  4912 | D:5      | Found a sparkling altar of Nemelex Xobeh.
  4942 | D:5      | Noticed Edmund
  5281 | D:3      | Learned a level 3 spell: Stone Arrow
  5281 | D:3      | Upgraded the game from 0.20-a0-689-g860b9ab to 0.20-a0-760-g49f5558
  5284 | D:3      | Learned a level 2 spell: Passwall
  5790 | D:5      | Killed Edmund
  5790 | D:5      | Reached skill level 8 in Ice Magic
  6063 | D:6      | Found a bloodstained altar of Trog.
  6110 | D:6      | Found a glowing drain.
  6118 | D:6      | Reached * piety under Vehumet
  6118 | D:6      | Offered knowledge of Magic Dart by Vehumet.
  6121 | Sewer    | Entered a sewer
  6573 | Sewer    | Found a burning altar of Makhleb.
  6639 | Sewer    | Gained mutation: You possess an exceptional clarity of mind. [potion of mutation]
  6639 | Sewer    | Gained mutation: You are partially covered in yellow scales. (AC +2) [potion of mutation]
  6639 | Sewer    | Gained mutation: You are frail. (-10% HP) [potion of mutation]
  6639 | Sewer    | Gained mutation: You are agile. (Dex +2) [potion of mutation]
  6641 | Sewer    | HP: 1/36 [ufetubus (2)]
  6641 | Sewer    | Slain by a kobold

Vault maps used:
D:1:      onia_arrival_mini_maze, minmay_fountain_box,
          minmay_misc_feat_nine_boxes
D:2:      uniq_iyjb
D:3:      ashenzari_altar_1
D:4:      tgw_sif, temple_doors_cd, first_bread
D:5:      nemelex_altar_shiori, uniq_edmund
D:6:      kennysheep_orc_sif_temple, kennysheep_mini_moat, kennysheep_mini,
          portal_sewer_entry_f
Temple:   jpeg_temple_alley_garden
Sewer:    kennysheep_sewer_church

Skill      XL: |  1  2  3  4  5  6  7  8 |
---------------+-------------------------+-----
Spellcasting   | 5 6 7 |  7.2
Stealth        | 3 |  3.0
Conjurations   | 2 4 5 7 |  7.6
Ice Magic      | 4 5 6 8 |  8.7
Dodging        | |  2.4
Earth Magic    | |  0.7

Action                   |  1- 3 |  4- 6 |  7- 9 || total
-------------------------+-------+-------+-------++-------
Melee: Dagger            |     4 |    18 |       ||    22
       Short sword       |       |    12 |    28 ||    40
       Flail             |       |       |    60 ||    60
 Cast: Freeze            |    40 |    58 |    27 ||   125
       Throw Frost       |    10 |    28 |    16 ||    54
       Throw Icicle      |       |     4 |    44 ||    48
       Stone Arrow       |       |       |    17 ||    17
  Use: Scroll            |       |    11 |     8 ||    19
       Potion            |       |       |     8 ||     8
 Stab: Sleeping          |       |     2 |     2 ||     4
  Eat: Chunk             |       |     2 |     7 ||     9
       Meat ration       |       |     1 |     1 ||     2
       Royal jelly       |       |       |     1 ||     1
       Fruit             |       |       |     1 ||     1
Armor: Robe              |     4 |    16 |    36 ||    56
       Skin              |       |       |    93 ||    93
Dodge: Dodged            |    24 |    52 |   135 ||   211
Block: Other             |       |       |    65 ||    65
       Reflection        |       |       |     3 ||     3
